 Dungeon Crawl Stone Soup version 0.29-a0-294-g83ea962da3 (webtiles) character file.

Game seed: 16311460989294325922

29 altcumming the Ducker (level 3, -2/16 HPs)
             Began as a Felid Transmuter on Mar 18, 2022.
             Killed by nerve-wracking pain
             ... invoked by Grinder
              (4 damage)
             ... on level 3 of the Dungeon.
             The game lasted 00:03:51 (3611 turns).

altcumming the Ducker (Felid Transmuter)            Turns: 3611, Time: 00:03:52

Health: -2/16      AC:  1    Str:  6    XL:     3   Next: 1%
Magic:  0/7        EV: 18    Int: 14    God:
Gold:   109        SH:  0    Dex: 18    Spells: 2/6 levels left
                                        Lives:  0   Deaths: 1

rFire   . . .      SeeInvis +     - Unarmed
rCold   . . .      Faith    .   (shield unavailable)
rNeg    . . .      Spirit   .   (body armour unavailable)
rPois   .          Reflect  .   (helmet unavailable)
rElec   .          Harm     .   (cloak unavailable)
rCorr   .          Rampage  .   (gloves unavailable)
Will    .....                   (boots unavailable)
Stlth   ++........              (no amulet)
HPRegen 0.05/turn               (no ring)
MPRegen 0.10/turn               (no ring)

@: very slightly contaminated, quick
A: very small, claws 1, fangs 3, see invisible, speed 1, shaggy fur 1, stealthy
paws, no weapons or thrown items, no armour, multi-lived
a: no special abilities


You were on level 3 of the Dungeon.
You visited 1 branch of the dungeon, and saw 3 of its levels.

You collected 109 gold pieces.

Inventory:

Jewellery
 f - an amulet of faith
   (You found it on level 1 of the Dungeon)
 k - a ring of ice
   (You found it on level 2 of the Dungeon)
Wands
 l - a wand of flame (9)
   (You found it on level 2 of the Dungeon)
 p - a wand of charming (8)
   (You found it on level 3 of the Dungeon)
Scrolls
 b - a scroll of vulnerability {unknown}
 c - a scroll of magic mapping {unknown}
 d - a scroll of immolation
 e - a scroll of summoning {unknown}
 i - a scroll of torment {unknown}
 j - a scroll of acquirement {unknown}
 m - a scroll of fog
 s - a scroll of amnesia {unknown}
Potions
 g - a potion of curing {unknown}
 h - a potion of haste
 q - a potion of magic {unknown}


   Skills:
 - Level 1.7 Fighting
 - Level 3.4 Dodging
 - Level 3.3 Unarmed Combat
 - Level 2.0 Spellcasting
 + Level 3.3 Transmutations
 + Level 0.8 Poison Magic


You had 2 spell levels left.
You knew the following spells:

 Your Spells              Type           Power      Damage    Failure   Level
a - Beastly Appendage     Tmut           20%        N/A       6%          1
b - Spider Form           Tmut/Pois      7%         N/A       30%         3

Your spell library contained the following spells:

 Spells                   Type           Power      Damage    Failure   Level
 Wereblood                Tmut           10%        N/A       9%          2
 Corpse Rot               Necr/Air       2%         N/A       34%         2
 Ice Form                 Ice/Tmut       6%         N/A       75%         4
 Dispel Undead            Necr           1%         3d6       93%         4
 Death Channel            Necr           0%         N/A       100%        6
 Borgnjor's Revivificati  Necr           0%         N/A       100%        8
 Necromutation            Tmut/Necr      3%         N/A       100%        8
 Death's Door             Necr           0%         N/A       100%        9


Dungeon Overview and Level Annotations

Branches:
Dungeon (3/15)

Altars:
Kikubaaqudgha
Xom

Annotations:
D:2 exclusion: worm
D:3 Grinder, Sigmund


Innate Abilities, Weirdness & Mutations

You have sharp claws.
You have razor-sharp teeth.
You have supernaturally acute eyesight. (SInv)
You cover ground quickly. (Speed+)
You are covered in fur. (AC +1)
Your paws help you pounce on unaware monsters.
You are incapable of wielding weapons or throwing items.
You cannot wear armour.
You gain extra lives every three experience levels.


Message History

Grinder comes into view.
Grinder shouts!
Grinder is nearby!
Grinder is nearby!
Okay, then.
Okay, then.
Really quaff the potion of lignification?
You turn into a tree.
Your roots penetrate the ground.
Unknown command.
You hit Grinder.
Grinder is lightly wounded.
Grinder hits you but does no damage.
You completely miss Grinder.
Grinder is lightly wounded.
Grinder hits you but does no damage.
You hit Grinder but do no damage.
Grinder is lightly wounded.
Grinder barely misses you.
You smack Grinder!
Grinder is moderately wounded.
Grinder hits you!
You writhe in agony.
You hit Grinder.
Grinder is heavily wounded.
Grinder hits you!
* * * LOW HITPOINT WARNING * * *
You writhe in agony.
* * * LOW HITPOINT WARNING * * *
Unknown command.
You smack Grinder!
Grinder is severely wounded.
Grinder gestures at you.
You suddenly lose the ability to move!
Grinder hits you but does no damage. x2
Grinder hits you.
* * * LOW HITPOINT WARNING * * *
You writhe in agony.
You die...
Your shape twists and changes as you die.
You are now level 3!
You feel less wooden.
You rejoin the land of the living...
You now have 109 gold pieces (gained 10).
Grinder is nearby!
Grinder is nearby!
Grinder blinks!
Casting: Beastly Appendage (safe; 6% risk of failure)
Confirm with . or Enter, or press ? or * to list all spells.
The spell is potentially lethal to miscast (30% risk of failure)!
Continue anyway?
You miscast Spider Form.
You are very lightly contaminated with residual magic.
Strange energies run through your body.
Casting: Spider Form (potentially lethal; 30% risk of failure)
Confirm with . or Enter, or press ? or * to list all spells.
The spell is potentially lethal to miscast (30% risk of failure)!
Continue anyway?
You miscast Spider Form.
Nothing appears to happen.
Unknown command.
Okay, then.
You start resting.
Grinder is nearby!
Aiming: Throw Flame
Press: ? - help, Shift-Dir - straight line, f - Grinder
Aim: Grinder (heavily wounded, 64% to hit)
The puff of flame misses Grinder.
You don't have any such object.
Evoke which item? (* to show all) (? for menu, Esc to quit)
Okay, then.
Aiming: Throw Flame
Press: ? - help, Shift-Dir - straight line, f/p - Grinder
Aim: Grinder (heavily wounded, 64% to hit)
The puff of flame hits Grinder.
Grinder is heavily wounded.
Casting: Spider Form (potentially lethal; 30% risk of failure)
Confirm with . or Enter, or press ? or * to list all spells.
The spell is potentially lethal to miscast (30% risk of failure)!
Continue anyway?
You miscast Spider Form.
Nothing appears to happen.
Unknown command.
Aiming: Throw Flame
Press: ? - help, Shift-Dir - straight line, f/p - Grinder
Aim: Grinder (heavily wounded, 64% to hit)
The puff of flame misses Grinder.
Casting: Spider Form (potentially lethal; 30% risk of failure)
Confirm with . or Enter, or press ? or * to list all spells.
You don't have enough magic to cast this spell.
Unknown command.
You scratch Grinder.
Grinder is severely wounded.
Grinder misses you.
You scratch Grinder but do no damage.
Grinder is heavily wounded.
Grinder completely misses you.
You closely miss Grinder.
Grinder is heavily wounded.
Grinder gestures at you. Pain shoots through your body!
Ouch! That really hurt!
* * * LOW HITPOINT WARNING * * *
Unknown command.
Grinder gestures at you. Pain shoots through your body!
You die...

#...# #.# #.#.....)#........
#...# #.# #.##...##.#.##..##
#.P.###.####.........#.#...##
#.P.#.......#..........#.....
#.P.#......###..[..###.#.....
#.P.......## ##....# .####..
#...#.....5###...#.## #.#
#...#.......#.......# .####.#
#.#.###.##.#@................
#.#.# #.##.###.##...#######..
#.#.# #.##.# #......# ###
#.#.# #.##.# #####..# #...#
#.##.. ...# #...# #.#### ##.#
#._.# #5# .# #...# ... #.
#...# ... #.#


You could see Grinder.

Vanquished Creatures
  3 adders
  A dart slug (D:2)
  4 endoplasms
  4 giant cockroaches
  5 goblins
  3 hobgoblins
  3 jackals (D:2)
  2 quokkas (D:2)
  4 ball pythons
  A bat (D:1)
  A frilled lizard (D:2)
  3 kobolds
  3 rats (D:1)
37 creatures vanquished.

Notes
Turn   | Place    | Note
-------+----------+-------------------------------------------
     0 | D:1      | altcumming the Felid Transmuter began the quest for the
                  | Orb.
     0 | D:1      | Reached XP level 1. HP: 9/9 MP: 4/4
   461 | D:1      | Reached XP level 2. HP: 9/12 MP: 4/6
   533 | D:1      | Found a faded altar of an unknown god.
  1688 | D:2      | Reached XP level 3. HP: 16/16 MP: 5/7
  2672 | D:2      | Learned a level 3 spell: Spider Form
  3066 | D:3      | Found a shimmering altar of Xom.
  3128 | D:3      | Found an ancient bone altar of Kikubaaqudgha.
  3188 | D:3      | Noticed Sigmund
  3420 | D:3      | Reached XP level 4. HP: 19/19 MP: 8/8
  3517 | D:3      | Noticed Grinder
  3530 | D:3      | Paralysed by Grinder for 6 turns
  3533 | D:3      | Slain by Grinder
  3534 | D:3      | Reached XP level 3. HP: -2/24 MP: 7/7
  3611 | D:3      | Killed from afar by Grinder

Illustrated notes

Levels and vault maps discovered:
D:1:      eino_arrival_druids_welcome, layout_basic,
          ebering_ecumenical_altar_box, minmay_tetromino_i2
D:2:      layout_loops_ring
D:3:      layout_loops_ring, nicolae_kikubaaqudgha_miasma_corner,
          mainiacjoe_overflow_boulevard, uniq_grinder, uniq_sigmund

Skill      XL: |  1  2  3 |
---------------+----------+-----
Dodging        | 3 |  3.4
Transmutations | 3 |  3.3
Fighting       | |  1.7
Unarmed Combat | |  3.3
Spellcasting   | |  2.0
Poison Magic   | |  0.8

Action                   |  1- 3 |  4- 6 || total
-------------------------+-------+-------++-------
Melee: Unarmed           |   107 |     9 ||   116
       Bite              |    12 |     2 ||    14
       Headbutt          |    12 |     1 ||    13
 Cast: Beastly Appendage |    30 |       ||    30
Evoke: Wand              |     3 |       ||     3
  Use: Scroll            |     5 |       ||     5
       Potion            |       |     1 ||     1
 Stab: Sleeping          |     2 |       ||     2
Armor: Skin              |     4 |     4 ||     8
Dodge: Dodged            |    84 |     1 ||    85

Table legend: (Time is in decaauts)
 A = Elapsed time spent in this place.
 B = Non-inter-level travel time spent in this place.
 C = Inter-level travel time spent in this place.
 D = Time resting spent in this place.
 E = Time spent auto-exploring this place.
 F = Levels seen in this place.
 G = Mean time per level.
                   A        B        C        D        E       F      G
               +--------+--------+--------+--------+--------+-----+--------+
         Total |   3193 |   3086 |    107 |   1304 |   1218 |   3 | 1064.3 |
       Dungeon |   3193 |   3086 |    107 |   1304 |   1218 |   3 | 1064.3 |
               +--------+--------+--------+--------+--------+-----+--------+

Top non-repeatable levels by time:
     D:1: 1444 daAuts
     D:2: 1320 daAuts
     D:3: 429 daAuts
